 Dungeon Crawl Stone Soup version 0.19.5 (webtiles) character file.

463 Gargoyl the Skirmisher (level 7, -1/59 HPs)
             Began as a Ghoul Abyssal Knight on Mar 5, 2017.
             Was a Believer of Lugonu.
             Slain by an ufetubus (4 damage)
             ... summoned by Eustachio
             ... on level 4 of the Dungeon.
             The game lasted 00:07:34 (2986 turns).

Gargoyl the Skirmisher (Ghoul Abyssal Knight)       Turns: 2986, Time: 00:07:36

Health: -1/59      AC: 11    Str: 18    XL:     7   Next: 7%
Magic:  8/8        EV:  3    Int:  7    God:    Lugonu [**....]
Gold:   54         SH: 13    Dex: 10    Spells: 0 memorised, 6 levels left

rFire  . . .     SeeInvis .     a - +3 hand axe
rCold  + . .     Gourm    .     u - +1 chain mail
rNeg   + + +     Faith    .     e - +1 large shield
rPois  ∞         Spirit   .     (no helmet)
rElec  .         Reflect  .     (no cloak)
rCorr  .         Harm     .     (no gloves)
MR     .....                    j - +0 pair of boots
Stlth  ..........               m - amulet of magic regeneration
                                (no ring)
                                f - +2 ring of strength

@: rotting
A: rotting body, claws 1, carnivore 3, cold resistance 1, negative energy
resistance 3, slow regeneration 1, torment resistance, unbreathing
a: Depart the Abyss, Bend Space, Renounce Religion


You were on level 4 of the Dungeon.
You worshipped Lugonu.
Lugonu was pleased with you.
You were not hungry.

You visited 1 branch of the dungeon, and saw 6 of its levels.
You visited the Abyss 1 time.

You collected 54 gold pieces.

Inventory:

Hand Weapons
 a - a +3 hand axe (weapon)
Armour
 e - a +1 large shield (worn)
 j - a +0 pair of boots (worn)
 u - a +1 chain mail (worn)
Jewellery
 f - a +2 ring of strength (left claw)
 m - an amulet of magic regeneration (around neck)
Scrolls
 i - 2 scrolls of remove curse
 s - a scroll of recharging
 v - a scroll of identify
Potions
 b - a potion of resistance {unknown}
 d - a potion of agility
 g - a potion of berserk rage {unknown}
 h - a potion of heal wounds
 k - a potion of mutation {unknown}
 o - 2 potions of flight {unknown}
 q - a potion of lignification {unknown}
 t - a potion of curing {unknown}
Comestibles
 c - 2 meat rations
 l - a slice of pizza
 n - 6 chunks of flesh
 p - a beef jerky


   Skills:
 + Level 4.1 Fighting
 + Level 3.5 Axes
 * Level 3.5 Armour
 + Level 1.5 Dodging
 * Level 2.6 Shields
 * Level 3.8 Invocations


You had 6 spell levels left.
You didn't know any spells.

Dungeon Overview and Level Annotations

Branches:
Dungeon (6/15)
 Temple: D:4-7

Altars:
Hepliaklqana

Annotations:
D:4 Eustachio
D:5 harcile's ghost, amateur HuFE


Innate Abilities, Weirdness & Mutations

Your body is rotting away.
You thrive on raw meat.
You are immune to poison.
You have sharp fingernails.
You are carnivorous and can eat meat at any time.
Your flesh is cold resistant. (rC+)
You are immune to negative energy. (rN+++)
You regenerate slowly when monsters are visible.
You are immune to unholy pain and torment.
You can survive without breathing.


Message History

You block the bat's attack. The ufetubus hits you.
* * * LOW HITPOINT WARNING * * *
The ufetubus hits you.
* * * LOW HITPOINT WARNING * * *
You block the ufetubus's attack. The ufetubus hits you.
* * * LOW HITPOINT WARNING * * *
You block the white imp's attack.
The quokka bites you but does no damage.
The ufetubus hits you but does no damage. x2
The ufetubus hits you.
* * * LOW HITPOINT WARNING * * *
The ufetubus hits you.
* * * LOW HITPOINT WARNING * * *
Eat one of 6 chunks of flesh? (ye/n/q)
You start eating one of the 6 chunks of flesh.
You block the bat's attack. You block the ufetubus's attack. x2
The ufetubus hits you.
* * * LOW HITPOINT WARNING * * *
The ufetubus hits you.
You die...

#.......#......>.....+
.......#######..#.#'#
...........##..#.......#
#.......##).#.....(.#
#.......')..#..........
#.......##)............
#(......b###......#####
#......55#<.......#
#.....r5@.........#
#......r..b#......
###....###.# .....
#..@.# .# #### #....# ##
#..... #...## #...


You could see Eustachio, a white imp, 2 ufetubi, a quokka, 2 bats and a rat.

Vanquished Creatures
  A sky beast (D:4)
  An ogre (D:4)
  A centaur zombie (D:3)
  An orc wizard (D:3)
  An iguana (D:4)
  A hound zombie (D:6)
  A howler monkey skeleton (D:6)
  4 gnolls (D:3)
  7 adders
  An ooze (D:3)
  2 worms (D:2)
  A dart slug (D:1)
  3 leopard geckos
  9 orcs
  5 giant cockroaches
  6 goblins
  5 hobgoblins
  10 kobolds
  2 quokkas
  4 ball pythons
  2 bats
  3 frilled lizards
  6 rats
77 creatures vanquished.

Notes
Turn   | Place    | Note
-------+----------+-------------------------------------------
     0 | Abyss:1  | Gargoyl the Ghoul Abyssal Knight began the quest for the Orb.
     0 | Abyss:1  | Reached XP level 1. HP: 19/19 MP: 1/1
    71 | D:1      | Escaped the Abyss
   409 | D:1      | Reached XP level 2. HP: 22/26 MP: 2/2
   410 | D:1      | Reached * piety under Lugonu
   608 | D:1      | Reached skill level 1 in Dodging
   798 | D:2      | Found a hazy altar of Hepliaklqana.
   992 | D:2      | Reached XP level 3. HP: 31/31 MP: 3/3
  1594 | D:2      | Reached XP level 4. HP: 38/38 MP: 4/4
  1773 | D:3      | Reached ** piety under Lugonu
  1903 | D:3      | Reached skill level 1 in Shields
  2000 | D:3      | Reached XP level 5. HP: 31/45 MP: 4/6
  2377 | D:3      | Reached XP level 6. HP: 47/52 MP: 7/7
  2522 | D:3      | You fall through a shaft for 2 floors!
  2522 | D:5      | Entered Level 5 of the Dungeon
  2554 | D:5      | Noticed harcile's ghost (amateur HuFE)
  2595 | D:6      | Reached skill level 4 in Fighting
  2892 | D:4      | Noticed Eustachio
  2894 | D:4      | Noticed a sky beast
  2916 | D:4      | Killed a sky beast
  2916 | D:4      | Reached XP level 7. HP: 43/59 MP: 8/8
  2986 | D:4      | Slain by an ufetubus

Skill      XL: |  1  2  3  4  5  6 |
---------------+-------------------+-----
Armour         | 2 3 |  3.5
Axes           | 2 3 |  3.5
Dodging        | 1 |  1.5
Shields        | 1 2 |  2.6
Invocations    | 3 |  3.8
Fighting       | 4 |  4.1

Action                   |  1- 3 |  4- 6 |  7- 9 || total
-------------------------+-------+-------+-------++-------
Melee: Hand axe          |   121 |   196 |    38 ||   355
Invok: Depart the Abyss  |     1 |       |       ||     1
  Use: Scroll            |     8 |     4 |       ||    12
       Potion            |       |     3 |       ||     3
  Eat: Chunk             |    21 |     8 |     7 ||    36
Armor: Leather armour    |    22 |       |       ||    22
       Chain mail        |    21 |    99 |    91 ||   211
Dodge: Dodged            |    24 |    24 |    22 ||    70
Block: Large shield      |    67 |   174 |    89 ||   330
